 Dungeon Crawl Stone Soup version 0.25.0-37-gb73750e0fb (console) character file.

Game seed: 4796521949015129491

5381 Kagalorn the Basher (level 10, -1/51 HPs)
             Began as a Human Fighter on July 8, 2020.
             Was an Elder of Elyvilon.
             Killed from afar by a raiju (21 damage)
             ... with a living lightning
             ... on level 1 of the Abyss.
             The game lasted 00:28:33 (11011 turns).

Kagalorn the Basher (Human Fighter)                Turns: 11011, Time: 00:28:33

Health: -1/51      AC: 15    Str: 15      XL:     10   Next: 98%
Magic:  11/16      EV:  2    Int: 10      God:    Elyvilon [****..]
Gold:   485        SH:  9    Dex: 11 (12) Spells: 9/9 levels left

rFire    . . .     SeeInvis .   a - +1 flail (protect)
rCold    . . .     Gourm    .   c - +0 kite shield
rNeg     . . .     Faith    .   I - +1 plate armour {rPois}
rPois    +         Spirit   .   (no helmet)
rElec    .         Reflect  .   x - +0 cloak
rCorr    .         Harm     .   C - +0 pair of gloves
MR       .....                  (no boots)
Stlth    ..........             (no amulet)
HPRegen  0.17/turn              B - ring of flight
MPRegen  0.15/turn              (no ring)

@: about to teleport
A: [frail 3], [weak 2]
a: Lesser Healing, Heal Other, Purification, Greater Healing, Divine Protection,
Renounce Religion, Evoke Flight


You were on level 1 of the Abyss.
You worshipped Elyvilon.
Elyvilon was greatly pleased with you.
You were not hungry.

You visited 2 branches of the dungeon, and saw 9 of its levels.
You visited the Abyss 1 time.

You collected 485 gold pieces.

Inventory:

Hand Weapons
 a - a +1 flail of protection (weapon)
 b - a +0 hand crossbow
Missiles
 e - 178 stones
 k - 100 bolts
 u - 9 boomerangs (quivered)
 y - 22 sling bullets
Armour
 c - a +0 kite shield (worn)
 x - a +0 cloak (worn)
 z - a +1 robe of the Archmagi
 A - a +0 plate armour
 C - a +0 pair of gloves (worn)
 I - a +1 plate armour of poison resistance (worn)
Jewellery
 B - a ring of flight (left hand)
Wands
 r - a wand of flame (15)
 s - a wand of acid (6)
 v - a wand of polymorph (8)
 E - a wand of iceblast (8)
Scrolls
 m - 3 scrolls of immolation {unknown}
 q - 6 scrolls of remove curse {unknown}
 t - a scroll of fear
 D - 2 scrolls of fog {unknown}
 H - a scroll of blinking {unknown}
 J - 2 scrolls of silence {unknown}
Potions
 d - 3 potions of might
 g - 2 potions of heal wounds
 h - 3 potions of flight
 i - a potion of mutation
 j - 2 potions of magic
 n - a potion of cancellation
 o - a potion of haste
 p - a potion of resistance
 w - 2 potions of curing
 G - a potion of degeneration {unknown}
Comestibles
 f - 17 rations


   Skills:
 + Level 5.0 Fighting
 * Level 11.7 Maces & Flails
 + Level 5.0 Armour
 + Level 5.0 Shields
 - Level 8.0 Invocations


You had 9 spell levels left.
You didn't know any spells.
Your spell library contained the following spells:

 Spells                   Type           Power        Failure   Level  Hunger
 Corona                   Hex            #......      100%        1    ##.....
 Slow                     Hex            #.......     100%        2    ###....
 Dazzling Flash           Conj/Hex       #.....       100%        3    ####...
 Inner Flame              Hex/Fire       #.......     100%        3    ####...
 Portal Projectile        Hex/Tloc       #.....       100%        3    ####...
 Cause Fear               Hex            #.........   100%        4    #####..
 Leda's Liquefaction      Hex/Erth       #.........   100%        4    #####..
 Bolt of Magma            Conj/Fire/Erth #.........   100%        5    ######.
 Irradiate                Conj/Tmut      #.........   100%        5    ######.
 Starburst                Conj/Fire      #.........   100%        6    #######


Dungeon Overview and Level Annotations

Branches:
Dungeon (8/15)             Temple (1/1) D:5
   Lair: D:8-11

Altars:
Ashenzari
Cheibriados
Dithmenos
Elyvilon
Fedhas
Gozag
Hepliaklqana
Kikubaaqudgha
Makhleb
Nemelex Xobeh
Okawaru
Qazlal
Ru
Sif Muna
Trog
Uskayaw
Vehumet
Wu Jian
Xom
Yredelemnul
Zin
The Shining One


Innate Abilities, Weirdness & Mutations

[You are extremely frail. (-30% HP)]
[You are very weak. (Str -4)]


Message History

2 raiju come into view.
The raiju barks! x2
You see here a ration.
As you read the scroll of teleportation, it crumbles to dust.
You feel strangely unstable.
You feel the power of the Abyss delaying your translocation!
The wretched star pulses with an eldritch light!
You feel frail.
A raiju comes into view.
The raiju barks!
The raiju bursts into living lightning!
The living lightning hits you.
The living lightning hits the raiju.
The raiju completely resists.
The raiju blinks!
Unknown command.
The raiju bursts into living lightning!
The living lightning hits the raiju.
The raiju completely resists.
The living lightning hits you.
The raiju blinks!
The raiju bursts into living lightning!
The living lightning hits you!! x2
You die...

... #
.#..###..#
#.....### #.#
#......###..#.#
#..###.....# #
##. #...##.# ##
##*#.## ##%#..#
##.§.##


#@hhh# #......# #h#....§...# .. ##.#.#..## ## ...#.##.. ##.. .# #.. ### #. .≈ #.
You could see a wretched star and 4 raiju.

Vanquished Creatures
  A thrashing horror (Abyss:1)
  A hippogriff (D:7)
  A ynoxinul (Abyss:1)
  Sigmund (D:3)
  A human (D:7)
  4 hogs (D:7)
  Edmund (D:4)
  An ice beast (D:5)
  A sky beast (D:5)
  An eye of draining (Abyss:1)
  2 phantoms (D:6)
  5 orc warriors
  3 ogres
  6 centaurs
  A crocodile (D:7)
  2 big kobolds (D:7)
  A bullfrog (D:6)
  2 small abominations (Abyss:1)
  A scorpion (D:7)
  3 wights (D:7)
  A howler monkey (D:7)
  A centaur zombie (D:5)
  3 crimson imps
  2 quasits
  3 orc priests
  5 hounds
  Crazy Yiuf (D:4)
  A centaur skeleton (D:4)
  7 orc wizards
  An iguana (D:4)
  5 worker ants
  5 gnolls (D:7)
  6 adders
  A shadow imp (D:5)
  2 oozes (D:1)
  An adder zombie (D:7)
  A worm (D:2)
  3 dart slugs
  3 leopard geckos
  25 orcs
  7 bats
  6 giant cockroaches
  8 goblins
  9 hobgoblins
  12 jackals
  27 kobolds
  6 quokkas
  3 ball pythons
  3 frilled lizards (D:1)
  A jackal zombie (D:5)
  2 leopard gecko skeletons
  8 rats
  A fungus (D:4)
209 creatures vanquished.

Vanquished Creatures (others)
  A lurking horror (Abyss:1)
  12 starspawn tentacles (Abyss:1)
13 creatures vanquished.

Grand Total: 222 creatures vanquished

Notes
Turn   | Place    | Note
-------+----------+-------------------------------------------
     0 | D:1      | Kagalorn the Human Fighter began the quest for the Orb.
     0 | D:1      | Reached XP level 1. HP: 18/18 MP: 1/1
    41 | D:1      | Reached XP level 2. HP: 23/24 MP: 2/2
    92 | D:1      | Reached skill level 3 in Maces & Flails
   224 | D:1      | Reached XP level 3. HP: 20/29 MP: 3/3
   881 | D:2      | Found a radiant altar of Vehumet.
   908 | D:2      | Reached skill level 4 in Maces & Flails
   908 | D:2      | Reached XP level 4. HP: 31/35 MP: 4/4
  1835 | D:2      | Found a faded altar of an unknown god.
  1844 | D:2      | Reached XP level 5. HP: 32/41 MP: 5/5
  2081 | D:2      | Became a worshipper of Elyvilon the Healer
  2081 | D:2      | Reached * piety under Elyvilon
  2199 | D:2      | Found a sacrificial altar of Ru.
  2297 | D:2      | Reached skill level 5 in Maces & Flails
  2388 | D:3      | Noticed Sigmund
  2803 | D:4      | Reached skill level 1 in Invocations
  2995 | D:4      | Reached XP level 6. HP: 25/47 MP: 5/7
  3612 | D:4      | Reached skill level 6 in Maces & Flails
  3907 | D:4      | Noticed Edmund
  3930 | D:4      | Killed Edmund
  3930 | D:4      | Reached XP level 7. HP: 27/52 MP: 7/9
  4265 | D:4      | Reached ** piety under Elyvilon
  4629 | D:4      | Found a runed translucent door.
  4630 | D:4      | Noticed Crazy Yiuf
  4674 | D:5      | Entered Level 5 of the Dungeon
  4732 | D:5      | Found a white marble altar of Elyvilon.
  4759 | D:5      | Reached skill level 7 in Maces & Flails
  4955 | D:5      | Reached XP level 8. HP: 18/58 MP: 9/11
  5271 | D:5      | Reached skill level 8 in Maces & Flails
  5634 | D:5      | Found a staircase to the Ecumenical Temple.
  5682 | Temple   | Entered the Ecumenical Temple
  5876 | D:5      | Reached skill level 5 in Invocations
  6118 | D:5      | Found a hazy altar of Hepliaklqana.
  6383 | D:6      | Found an opulent altar of Gozag.
  6478 | D:6      | Reached skill level 9 in Maces & Flails
  6553 | D:6      | Reached *** piety under Elyvilon
  6589 | D:6      | Reached XP level 9. HP: 58/63 MP: 13/13
  7009 | D:6      | Found a shattered altar of Ashenzari.
  7009 | D:6      | Found a hide-covered altar of Uskayaw.
  7518 | D:4      | Killed Crazy Yiuf
  7603 | D:3      | Killed Sigmund
  7603 | D:3      | Reached skill level 10 in Maces & Flails
  8171 | D:7      | Noticed a hippogriff
  8190 | D:7      | Killed a hippogriff
  8199 | D:7      | Noticed a hornet
  8205 | D:7      | Pacified a hornet
  9019 | D:7      | Reached XP level 10. HP: 57/71 MP: 15/15
  9048 | D:7      | Reached skill level 11 in Maces & Flails
  9620 | D:7      | Reached **** piety under Elyvilon
 10382 | D:7      | Cast into level 1 of the Abyss (gnoll)
 10389 | Abyss:1  | Identified the Reference Book on Ashen Conjuration
 10582 | Abyss:1  | Found a shattered altar of Ashenzari.
 10626 | Abyss:1  | Noticed a smoke demon
 10650 | Abyss:1  | Noticed a bone dragon
 10658 | Abyss:1  | Found a corrupted altar of Lugonu.
 10750 | Abyss:1  | Noticed a tentacled starspawn
 10764 | Abyss:1  | Noticed a smoke demon
 10807 | Abyss:1  | Noticed a thrashing horror
 10838 | Abyss:1  | Killed a thrashing horror
 10838 | Abyss:1  | Reached skill level 5 in Fighting
 10838 | Abyss:1  | Reached skill level 5 in Armour
 10870 | Abyss:1  | Noticed a tentacled starspawn
 10928 | Abyss:1  | Reached skill level 5 in Shields
 10937 | Abyss:1  | Noticed a worldbinder
 10942 | Abyss:1  | Noticed a hell knight
 10983 | Abyss:1  | Noticed a tentacled starspawn
 10998 | Abyss:1  | Noticed a large abomination
 10998 | Abyss:1  | Noticed a wretched star
 11011 | Abyss:1  | Killed from afar by a raiju

Illustrated notes

Levels and vault maps discovered:
D:1:      lightli_arrival_maybe_door_vault, layout_loops_ring
D:2:      layout_rooms, lemuel_coloured_pillars_altar,
          nicolae_overflow_crystal_walls, chequers_ecumenical_altar_island,
          minmay_quadrilaterals
D:3:      layout_rooms, first_ration, uniq_sigmund
D:4:      layout_loops_ring, uniq_crazy_yiuf_cottage, uniq_edmund
D:5:      layout_basic, lemuel_crystal_altar, temple_fountains, elyvilon_altar_3
D:6:      layout_cave_pools, amethyst_overflow_temple_binary,
          grunt_gozag_breadcrumbs
D:7:      layout_basic, grunt_livestock
D:8:      layout_cave_pools, erik_lair_dragon, basic_altar, special_room
          [special_room_orc], kennysheep_generic_room_14, uniq_prince_ribbit1
Temple:   nicolae_temple_elliptical
Abyss:1:  base: D:13, gammafunk_corrupted_shrine,
          hangedman_abyss_or_decor_passed, guppyfry_abyss_exit_imp_island,
          hangedman_cross_veins

Skill      XL: |  1  2  3  4  5  6  7  8  9 10 |
---------------+-------------------------------+-----
Maces & Flails | 3 4 5 6 7 9 10 11 | 11.7
Invocations    | 1 3 4 5 7 8 |  8.0
Fighting       | 5 |  5.0
Armour         | 5 |  5.0
Shields        | 5 |  5.0

Action                   |  1- 3 |  4- 6 |  7- 9 | 10-12 || total
-------------------------+-------+-------+-------+-------++-------
Melee: Flail             |   119 |   235 |   453 |   300 ||  1107
       Dagger            |       |     8 |     5 |       ||    13
Throw: Boomerang         |       |       |     6 |       ||     6
Invok: Lesser Healing    |       |       |     1 |    16 ||    17
       Heal Other        |       |       |     1 |       ||     1
       Greater Healing   |       |       |       |     2 ||     2
       Divine Protection |       |       |       |     1 ||     1
Evoke: Wand              |       |       |     1 |       ||     1
  Use: Scroll            |       |     7 |     6 |     7 ||    20
  Eat: Chunk             |       |    10 |    15 |     6 ||    31
       Ration            |       |       |     1 |     1 ||     2
Armor: Scale mail        |    44 |    88 |    77 |       ||   209
       Chain mail        |       |       |    79 |       ||    79
       Plate armour      |       |       |    99 |   249 ||   348
Dodge: Dodged            |    31 |    57 |    89 |    40 ||   217
Block: Kite shield       |    50 |   112 |   184 |   161 ||   507
